 Dungeon Crawl Stone Soup version 0.25-a0-424-g80bd347ae0 (webtiles) character file.

Game seed: 3935033872455914861, levelgen mode: deterministic

22 Nattfarinn the Insei (level 2, -2/21 HPs)
             Began as a Merfolk Transmuter on Jan 23, 2020.
             Slain by a worm (6 damage)
             ... on level 2 of the Dungeon.
             The game lasted 00:01:30 (959 turns).

Nattfarinn the Insei (Merfolk Transmuter)            Turns: 959, Time: 00:01:31

Health: -2/21      AC:  2    Str: 10    XL:     2   Next: 91%
Magic:  4/5        EV: 13    Int: 12    God:
Gold:   49         SH:  0    Dex: 14    Spells: 4/5 levels left

rFire    . . .     SeeInvis .     - Unarmed
rCold    . . .     Gourm    .   (no shield)
rNeg     . . .     Faith    .   b - +0 robe
rPois    .         Spirit   .   (no helmet)
rElec    .         Reflect  .   (no cloak)
rCorr    .         Harm     .   (no gloves)
MR       .....                  (no boots)
Stlth    +.........             (no amulet)
HPRegen  0.07/turn              (no ring)
MPRegen  0.09/turn              (no ring)

@: appendage (expiring)
A: change form in water, swift swim, stealthy swim, horns 2
a: End Transformation


You were on level 2 of the Dungeon.
You were not hungry.
You had grown temporary horns.
You visited 1 branch of the dungeon, and saw 2 of its levels.

You collected 49 gold pieces.

Inventory:

Missiles
 a - 12 arrows
Armour
 b - a +0 robe (worn)
Scrolls
 e - a scroll of random uselessness {unknown}
 g - a scroll of noise {unknown}
 h - a scroll of enchant weapon {unknown}
 j - 2 scrolls of identify {unknown}
Potions
 c - a potion of degeneration {unknown}
 f - a potion of agility {unknown}
 i - 2 potions of curing {unknown}
Comestibles
 d - 3 rations
 k - a chunk of flesh


   Skills:
 + Level 1.6 Fighting
 + Level 3.1 Dodging
 + Level 3.5 Unarmed Combat
 + Level 2.2 Spellcasting
 + Level 3.1 Transmutations


You had 4 spell levels left.
You knew the following spells:

 Your Spells              Type           Power        Failure   Level  Hunger
a - Beastly Appendage     Tmut           #.....       8%          1    ##.....

Your spell library contained the following spells:

 Spells                   Type           Power        Failure   Level  Hunger
 Sticks to Snakes         Tmut           #.......     11%         2    ###....
 Spider Form              Tmut/Pois      #.........   38%         3    ####...
 Ice Form                 Ice/Tmut       #.......     80%         4    #####..
 Blade Hands              Tmut           #.........   90%         5    ######.


Dungeon Overview and Level Annotations

Branches:
Dungeon (2/15)

Altars:

Annotations:
D:2 Sigmund


Innate Abilities, Weirdness & Mutations

You revert to your normal form in water.
You are very nimble and swift while swimming.
You are very stealthy in the water. (Stealth+)
You have a pair of horns on your head.


Message History

The jackal barks!
You hit the worm.
The worm is moderately wounded.
You completely miss the worm.
The worm is moderately wounded.
Sigmund closely misses you. The worm closely misses you.
You hit the worm.
The worm is moderately wounded.
Sigmund misses you.
You barely miss the worm. You headbutt the worm!
The worm is severely wounded.
Your transformation is almost over.
The worm closely misses you.
You hit the worm.
The worm is almost dead.
Sigmund barely misses you.
You hit the worm but do no damage.
The worm is almost dead.
The worm bites you.
You die...

#.# #.# ####.#
..... .w.#
###.#.#....#
#...#.##...#
###.#...##h..###
........@whh..$.
###.#...##h.###.
#..@##..#
#.......#
#.(.##.##
#...##..#
#...###.# .#
#...# #.###.#
..<####..##.####


You could see Sigmund, a worm and 4 jackals.

Vanquished Creatures
  A dart slug (D:1)
  3 giant cockroaches
  2 hobgoblins (D:1)
  2 jackals (D:1)
  A ball python (D:1)
  A bat (D:2)
  A frilled lizard (D:1)
  3 goblins (D:1)
  A kobold (D:2)
  5 rats (D:1)
20 creatures vanquished.

Notes
Turn   | Place    | Note
-------+----------+-------------------------------------------
     0 | D:1      | Nattfarinn the Merfolk Transmuter began the quest for the
                  | Orb.
     0 | D:1      | Reached XP level 1. HP: 15/15 MP: 3/3
   112 | D:1      | Reached XP level 2. HP: 16/21 MP: 5/5
   941 | D:2      | Noticed Sigmund
   959 | D:2      | Slain by a worm

Levels and vault maps discovered:
D:1:      onia_arrival_larder, layout_loops_ring, hangedman_glass_teeth
D:2:      layout_basic, grunt_temple_overflow_open, uniq_sigmund

Skill      XL: |  1  2 |
---------------+-------+-----
Dodging        | 3 |  3.1
Transmutations | 3 |  3.1
Fighting       | |  1.6
Unarmed Combat | |  3.5
Spellcasting   | |  2.2

Action                   || total
-------------------------++-------
Melee: Unarmed           ||    61
       Headbutt          ||     2
       Punch             ||     1
 Cast: Beastly Appendage ||     1
 Stab: Sleeping          ||     3
Armor: Robe              ||     5
Dodge: Dodged            ||    39

Table legend:
 A = Non-vault XP
 B = Vault XP
 C = Vault XP percentage of total XP
 D = Non-vault monster count
 E = Vault monster count
 F = Vault count percentage of total count
                 A         B        C        D         E       F
            +---------+---------+-------+---------+---------+-------
      Total |      26 |       6 |  18.8 |      16 |       4 |  20.0
            +---------+---------+-------+---------+---------+-------
        D:1 |      22 |       6 |  21.4 |      13 |       4 |  23.5
        D:2 |       4 |       0 |   0.0 |       3 |       0 |   0.0
            +---------+---------+-------+---------+---------+-------
